 Dungeon Crawl Stone Soup version 0.22-a0-542-gce4f928 (webtiles) character file.

497 nikopol the Firebug (level 6, 0/32 HPs)
             Began as a Deep Elf Fire Elementalist on June 24, 2018.
             Was an Initiate of Vehumet.
             Slain by a sky beast (5 damage)
             ... on level 4 of the Dungeon.
             The game lasted 00:13:43 (4282 turns).

nikopol the Firebug (Deep Elf Fire Elementalist)    Turns: 4282, Time: 00:13:43

Health: 0/32       AC:  2    Str:  5    XL:     6   Next: 93%
Magic:  5/16       EV: 13    Int: 22    God:    Vehumet [......]
Gold:   166        SH:  0    Dex: 15    Spells: 6/16 levels left

rFire    + . .     SeeInvis .   (no weapon)
rCold    + . .     Gourm    .   (no shield)
rNeg     . . .     Faith    .   a - +0 robe
rPois    .         Spirit   .   (no helmet)
rElec    .         Reflect  .   w - scarf {rC+ rF+}
rCorr    .         Harm     .   (no gloves)
MR       .....                  (no boots)
Stlth    ++........             m - amulet of inaccuracy (curse)
HPRegen  0.10/turn              e - ring of wizardry
MPRegen  0.15/turn              (no ring)

@: no status effects
A: no striking features
a: Renounce Religion


You were on level 4 of the Dungeon.
You worshipped Vehumet.
Vehumet was noncommittal.
You were very hungry.

You visited 2 branches of the dungeon, and saw 6 of its levels.

You collected 166 gold pieces.

Inventory:

Armour
 a - a +0 robe (worn)
 o - a +0 cloak
 w - a scarf of resistance (worn)
Jewellery
 b - a +5 amulet of reflection
 e - a ring of wizardry (left hand)
 f - a cursed ring of loudness {unknown}
 m - a cursed amulet of inaccuracy (around neck)
 s - an uncursed ring of wizardry
Wands
 l - a wand of random effects (37)
Scrolls
 d - 6 scrolls of identify
 h - 2 scrolls of remove curse {unknown}
 j - a scroll of fog {unknown}
 p - a scroll of enchant weapon {unknown}
 q - a scroll of blinking {unknown}
 r - 2 scrolls of teleportation
 u - a scroll of amnesia
Potions
 g - 3 potions of ambrosia
 i - a potion of brilliance {unknown}
 k - 2 potions of invisibility {unknown}
 n - 2 potions of curing {unknown}
 t - 3 potions of resistance {unknown}
 v - a potion of cancellation {unknown}
Comestibles
 c - 6 rations


   Skills:
 + Level 2.6 Dodging
 + Level 3.1 Stealth
 + Level 5.7 Spellcasting
 + Level 4.3 Conjurations
 + Level 5.9 Fire Magic


You had 6 spell levels left.
You knew the following spells:

 Your Spells              Type           Power        Failure   Level  Hunger
a - Flame Tongue          Conj/Fire      ####.        1%          1    None
b - Throw Flame           Conj/Fire      ####..       1%          2    None
c - Conjure Flame         Conj/Fire      ####....     1%          3    ##.....
d - Sticky Flame          Conj/Fire      ####....     4%          4    ####...

Your spell library contained the following spells:

 Spells                   Type           Power        Failure   Level  Hunger
 Fireball                 Conj/Fire      ####......   13%         5    #####..
 Animate Dead             Necr           N/A          34%         4    ####...
 Pain                     Necr           #...         4%          1    None
 Animate Skeleton         Necr           N/A          4%          1    None
 Vampiric Draining        Necr           #.........   12%         3    ##.....
 Regeneration             Chrm/Necr      #.........   12%         3    ##.....
 Inner Flame              Hex/Fire       ###.....     3%          3    ##.....


Dungeon Overview and Level Annotations

Branches:
Dungeon (5/15)             Temple (1/1) D:4

Altars:
Cheibriados
Dithmenos
Elyvilon
Gozag
Hepliaklqana
Kikubaaqudgha
Nemelex Xobeh
Okawaru
Qazlal
Ru
Sif Muna
Uskayaw
Vehumet
Xom
Yredelemnul
The Shining One

Annotations:
D:5 2 transporters


Message History

Casting: Sticky Flame (safe; 4% risk of failure)
Confirm with . or Enter, or press ? or * to list all spells.
You don't have enough magic to cast that spell.
The crimson imp hits you. Something hits you. Something shocks you.
* * * LOW HITPOINT WARNING * * *
A sky beast appears from thin air!
Reactivating autopickup.
The sky beast flickers out of sight!
Deactivating autopickup; reactivate with Ctrl-A.
Okay, then.
The crimson imp blinks!
The crimson imp blinks!
There is a stone staircase leading up here.
You can't go down here!
A sky beast appears from thin air!
Reactivating autopickup.
The sky beast hits you.
* * * LOW HITPOINT WARNING * * *
The sky beast shocks you.
You die...

#.#.# #.# #..#######.#######.
#.#.# #.# #..# #.#######. #.#.#
#.# #..# #......##.
#.#.###.#####..# #.####..(.
#.#............# #.# ####.
#.#####.####...## #.# #... ###.##
#.###.#.#.## #.# #.#.
##...####.##.##.##.#####.### #.#.
...............>@Y.........# #.#.
##...#####.#.##.##.......#.# #.#.
###.## #.##.#.#...######.# #.#. #
#.# #.###...#..# #.# #.#. ###.#
#.# ##.##..# #.# #.#.
.##.######.####>##..######[###.#.
.##.............##.......#).##.#.
...........########.####....##.#.
.########### #........>).##.#.


You could see a sky beast.

Vanquished Creatures
  Eustachio (D:5)
  Crazy Yiuf (D:2)
  2 orc priests (D:4)
  A bullfrog skeleton (D:5)
  A worker ant (D:4)
  Robin (D:3)
  A gnoll (D:1)
  10 adders
  A worm (D:3)
  2 dart slugs
  3 leopard geckos
  10 orcs
  9 ball pythons
  2 giant cockroaches
  9 goblins
  9 hobgoblins
  4 jackals
  12 kobolds
  3 quokkas
  5 bats
  5 frilled lizards
  5 rats
97 creatures vanquished.

Notes
Turn   | Place    | Note
-------+----------+-------------------------------------------
     0 | D:1      | nikopol the Deep Elf Fire Elementalist began the quest for the Orb.
     0 | D:1      | Reached XP level 1. HP: 10/10 MP: 6/6
   110 | D:1      | Reached XP level 2. HP: 13/15 MP: 4/8
   732 | D:1      | Reached XP level 3. HP: 19/19 MP: 5/10
  1408 | D:2      | Reached XP level 4. HP: 24/24 MP: 7/11
  1451 | D:2      | Learned a level 2 spell: Throw Flame
  1455 | D:2      | Learned a level 3 spell: Conjure Flame
  1460 | D:2      | Learned a level 4 spell: Sticky Flame
  1524 | D:2      | Found an ancient bone altar of Kikubaaqudgha.
  2096 | D:2      | Found a runed door.
  2100 | D:2      | Noticed Crazy Yiuf
  2104 | D:2      | Killed Crazy Yiuf
  2104 | D:2      | Reached XP level 5. HP: 28/28 MP: 5/13
  2256 | D:2      | Reached skill level 5 in Fire Magic
  2453 | D:3      | Noticed Robin
  2459 | D:3      | Killed Robin
  3091 | D:4      | Found a staircase to the Ecumenical Temple.
  3104 | D:4      | Reached XP level 6. HP: 3/32 MP: 2/15
  3397 | Temple   | Entered the Ecumenical Temple
  3463 | Temple   | Became a worshipper of Vehumet
  3827 | D:4      | Found a white marble altar of Elyvilon.
  4194 | D:5      | Entered Level 5 of the Dungeon
  4202 | D:5      | Found a transporter.
  4205 | D:5      | Found a transporter.
  4241 | D:5      | Noticed Eustachio
  4244 | D:5      | Noticed a sky beast
  4250 | D:5      | Reached skill level 5 in Spellcasting
  4257 | D:5      | Killed Eustachio
  4282 | D:4      | Slain by a sky beast

Vault maps used:
D:1:      minmay_arrival_shoal_huts
D:2:      lemuel_doored_altar, minmay_snake_closets, uniq_crazy_yiuf_cottage
D:3:      uniq_robin
D:4:      nicolae_overflow_hidden_temple, minmay_temple_entry_butterflies
D:5:      gammafunk_steamed_eel, zin_statuary, first_ration, uniq_menkaure,
          uniq_eustachio
Temple:   jpeg_temple_clearing

Skill      XL: |  1  2  3  4  5  6 |
---------------+-------------------+-----
Fire Magic     | 4 5 |  5.9
Conjurations   | 2 3 4 |  4.3
Spellcasting   | 4 5 |  5.7
Stealth        | 3 |  3.1
Dodging        | |  2.6

Action                   |  1- 3 |  4- 6 || total
-------------------------+-------+-------++-------
 Cast: Flame Tongue      |    61 |   126 ||   187
       Conjure Flame     |       |     2 ||     2
       Throw Flame       |       |     3 ||     3
       Sticky Flame      |       |     2 ||     2
  Use: Scroll            |       |     4 ||     4
  Eat: Chunk             |     1 |     8 ||     9
Armor: Robe              |     8 |     8 ||    16
Dodge: Dodged            |    18 |    38 ||    56
Block: Other             |     2 |     2 ||     4

Table legend:
 A = Spawn XP
 B = Non-spawn XP
 C = Spawn XP percentage of total XP
 D = Spawn monster count
 E = Non-spawn monster count
 F = Spawn count percentage of total count
 G = Total turns spent on level
                    A         B        C        D         E        F      G
               +---------+---------+-------+---------+---------+-------+---------
         Total |       0 |     710 |   0.0 |       0 |      97 |   0.0 |  4282
               +---------+---------+-------+---------+---------+-------+---------
           D:1 |       0 |      55 |   0.0 |       0 |      25 |   0.0 |  1059
           D:2 |       0 |     179 |   0.0 |       0 |      28 |   0.0 |  1295
           D:3 |       0 |      76 |   0.0 |       0 |      28 |   0.0 |   723
           D:4 |       0 |     160 |   0.0 |       0 |      12 |   0.0 |  1061
           D:5 |       0 |     240 |   0.0 |       0 |       4 |   0.0 |    61
               +---------+---------+-------+---------+---------+-------+---------
